 Dungeon Crawl Stone Soup version 0.30.1-11-g7821555f0a (webtiles) character file.

Game seed: 3307193866392493269

996 Wiggles the Cleaver (level 7, 0/63 HPs)
             Began as a Minotaur Berserker on Nov 15, 2023.
             Was a Priest of Trog.
             Slain by an orc
             ... wielding a +0 club
              (4 damage)
             ... on level 5 of the Dungeon.
             The game lasted 00:05:46 (4200 turns).

Wiggles the Cleaver (Minotaur Berserker)            Turns: 4200, Time: 00:05:47

Health: 0/63       AC: 10    Str: 23    XL:     7   Next: 99%
Magic:  6/6        EV:  9    Int:  4    God:    Trog [***...]
Gold:   134        SH:  0    Dex: 10    Spells: 6/6 levels left

rFire   . . .        b - +0 war axe
rCold   . . .        (no shield)
rNeg    . . .        g - +0 chain mail
rPois   .            (helmet restricted)
rElec   .            (no cloak)
rCorr   .            (no gloves)
SInv    .            (no boots)
Will    .....        (no amulet) Stlth
                     (no ring)
HPRegen 0.30/turn    (no ring)
MPRegen 0.10/turn

%: no passive effects
@: no status effects
A: horns 2, retaliatory headbutt
a: Renounce Religion, Berserk, Trog's Hand


You were on level 5 of the Dungeon.
You worshipped Trog.
Trog was most pleased with you.
You visited 1 branch of the dungeon, and saw 5 of its levels.

You collected 189 gold pieces.
You spent 55 gold pieces at shops.

Inventory:

Hand Weapons
 b - a +0 war axe (weapon)
Missiles
 k - a throwing net (quivered)
Armour
 g - a +0 chain mail (worn)
Scrolls
 c - 2 scrolls of brand weapon {unknown}
 e - 2 scrolls of fear {unknown}
 h - 2 scrolls of identify {unknown}
 i - a scroll of poison {unknown}
 j - a scroll of vulnerability {unknown}
 l - 3 scrolls of enchant armour {unknown}
 m - a scroll of teleportation {unknown}
 o - a scroll of magic mapping {unknown}
 q - 3 scrolls of blinking {unknown}
 r - a scroll of amnesia {unknown}
Potions
 a - a potion of flight {unknown}
 d - 5 potions of curing {unknown}
 f - a potion of resistance
 n - 3 potions of heal wounds
 p - a potion of magic {unknown}


   Skills:
 + Level 6.0 Fighting
 + Level 8.3 Axes
 + Level 6.2 Armour
 + Level 3.2 Dodging
 + Level 0.8 Stealth


You had 6 spell levels left.
You didn't know any spells.
Your spell library was empty.

Dungeon Overview and Level Annotations

Branches:
Dungeon (5/15)             Temple (0/1) D:5

Altars:
Elyvilon
Fedhas
Hepliaklqana
Nemelex Xobeh

Shops:
D:3 ![*:


Innate Abilities, Weirdness & Mutations

You have a pair of horns on your head.
You reflexively headbutt those who attack you in melee.


Message History

You headbutt the orc priest!
The orc priest is severely wounded.
You barely miss the orc.
The orc priest looks braver for a moment.
You hit the orc priest. Your headbutt misses the orc priest.
The orc priest is almost dead.
You closely miss the orc. x2; The orc hits you with a +0 hand axe.
* * * LOW HITPOINT WARNING * * *
The orc priest barely misses you. The orc hits you with a +0 club.
* * * LOW HITPOINT WARNING * * *
You barely miss the orc priest. Your headbutt misses the orc priest.
The orc priest is severely wounded.
You slash the orc!
You kill the orc!
Trog accepts your kill.
You hit the orc.
The orc priest calls upon Beogh to heal the orc.
The orc's wounds heal themselves!
The orc hits you but does no damage. x2
The orc priest closely misses you.
An orc comes into view. It is wielding a +0 club.
You hit the orc priest but do no damage.
You headbutt the orc priest, but do no damage.
The orc priest is severely wounded.
You slash the orc!
You kill the orc!
Trog accepts your kill.
The orc priest invokes the aid of Beogh against you.
Pain shoots through your body!
* * * LOW HITPOINT WARNING * * *
You hit the orc priest. Your punch misses the orc priest.
The orc priest is almost dead.
The orc priest hits you but does no damage.
You hit the orc priest but do no damage.
Your headbutt misses the orc priest.
The orc priest is almost dead.
You hit the orc. The orc barely misses you. The orc priest closely misses you.
You closely miss the orc priest.
The orc priest is almost dead.
You closely miss the orc. The orc hits you with a +0 club.
You die...

#..# #..## .# ##
#...## .## .#
#....# .. .##
.....#####. ..#
#.......#.# ..####
#.........#
##......
##........## ##)o.#
##..#......####.@o#
#.......##..)#).###
..###..#####)).##
)## ##.# ##..# ##
#.## #..... #
#..#####....... ##
##........####..
.### ##...####.# .
...###..### #?.


You could see an orc priest and an orc.

Vanquished Creatures
  Pargi (D:3)
  3 ogres
  A centaur (D:5)
  The ghost of mrw3rdna the Sneak, an amateur SpVM (D:3)
  A scorpion (D:5)
  A hound (D:3)
  2 sleepcaps (D:3)
  Jessica (D:3)
  2 iguanas (D:5)
  2 orc wizards (D:5)
  8 gnolls
  3 adders (D:3)
  An ufetubus (D:4)
  3 worms (D:2)
  20 orcs
  11 ball pythons
  10 endoplasms
  3 giant cockroaches
  4 goblins
  5 hobgoblins
  3 jackals (D:2)
  4 kobolds
  3 quokkas
  3 bats
  4 frilled lizards
  6 rats
106 creatures vanquished.

Notes
Turn   | Place    | Note
-------+----------+-------------------------------------------
     0 | D:1      | Wiggles the Minotaur Berserker began the quest for the Orb.
     0 | D:1      | Reached XP level 1. HP: 19/19 MP: 0/0
   219 | D:1      | Reached XP level 2. HP: 26/27 MP: 1/1
   337 | D:1      | You fall into a shaft and drop 1 floor!
   389 | D:2      | Reached skill level 4 in Axes
   979 | D:2      | Reached XP level 3. HP: 33/33 MP: 2/2
   998 | D:2      | Reached ** piety under Trog
  1005 | D:2      | Reached XP level 4. HP: 25/41 MP: 3/3
  1459 | D:2      | Found a faded altar of an unknown god.
  1667 | D:3      | Reached skill level 5 in Axes
  1708 | D:3      | Found Jumo Wougelo's Distillery.
  1716 | D:3      | Bought a potion of heal wounds for 55 gold pieces
  1762 | D:3      | Reached XP level 5. HP: 45/47 MP: 4/4
  1787 | D:3      | Identified the +6 dire flail of Darkness {speed, rF+ rC-
                  | SInv}
  1787 | D:3      | Noticed an ogre
  1788 | D:3      | Noticed an ogre
  1792 | D:3      | Noticed mrw3rdna's ghost (amateur SpVM)
  1793 | D:3      | Found a transporter.
  1803 | D:3      | Found a transporter.
  1830 | D:3      | Reached skill level 5 in Fighting
  1923 | D:3      | Found Oradavvi's Antique Armour Shop.
  1984 | D:3      | Noticed Jessica
  1990 | D:3      | Killed Jessica
  1991 | D:3      | Reached skill level 6 in Axes
  2147 | D:3      | Found a transporter.
  2157 | D:3      | Reached *** piety under Trog
  2249 | D:3      | Found Rashrom's Assorted Antiques.
  2370 | D:3      | Noticed Pargi
  2382 | D:3      | Killed Pargi
  2383 | D:3      | Reached XP level 6. HP: 56/56 MP: 5/5
  2452 | D:3      | Found a transporter.
  2476 | D:3      | Found Epticas Lude's Book Shoppe.
  2742 | D:3      | Reached skill level 7 in Axes
  2742 | D:3      | Reached XP level 7. HP: 61/61 MP: 6/6
  2758 | D:3      | Killed mrw3rdna's ghost
  2759 | D:3      | Reached skill level 5 in Armour
  3065 | D:4      | Found a blossoming altar of Fedhas.
  3069 | D:4      | Found a sparkling altar of Nemelex Xobeh.
  3071 | D:4      | Found a white marble altar of Elyvilon.
  3073 | D:4      | Found a hazy altar of Hepliaklqana.
  3684 | D:5      | Entered Level 5 of the Dungeon
  3783 | D:5      | Found a staircase to the Ecumenical Temple.
  3955 | D:5      | Reached skill level 8 in Axes
  4197 | D:5      | HP: 3/63 [orc priest/nerve-wracking pain (3)]
  4200 | D:5      | Slain by an orc

Illustrated notes

Levels and vault maps discovered:
D:1:      psy_arrival_basics, layout_basic
D:2:      layout_loops_cross, ebering_ecumenical_altar_hall
D:3:      layout_basic, gammafunk_ghost_smash, serial_shops,
          nicolae_shop_drivethru, nicolae_diamond_shop, shop_statue,
          nicolae_shop_advertising_works [nicolae_subvault_shop_adworks],
          serial_bayou, serial_bayou_ford_a, serial_bayou_lagoon_a,
          serial_bayou_crossing, minmay_misc_feat_plants, hellmonk_no_cap,
          uniq_jessica, uniq_pargi
D:4:      layout_gridville, minitemple
D:5:      layout_layer_cave, kennysheep_mini,
          minmay_temple_entry_statues_fountains, minmay_small_thing,
          uniq_eustachio

Skill      XL: |  1  2  3  4  5  6  7 |
---------------+----------------------+-----
Fighting       | 4 5 6 |  6.0
Axes           | 4 5 6 7 8 |  8.3
Armour         | 3 4 6 |  6.2
Dodging        | 3 |  3.2
Stealth        | |  0.8

Action                     |  1- 3 |  4- 6 |  7- 9 || total
---------------------------+-------+-------+-------++-------
  Melee: Hand axe          |    13 |       |       ||    13
         Headbutt          |     6 |    29 |    11 ||    46
         War axe           |    28 |   110 |    97 ||   235
         Punch             |       |     2 |       ||     2
 Invoke: Berserk           |       |     2 |     1 ||     3
 Armour: Animal skin       |     1 |       |       ||     1
         Chain mail        |     8 |    76 |    59 ||   143
         Ring mail         |     2 |       |       ||     2
  Dodge: Dodged            |    32 |    62 |    41 ||   135
